 Dungeon Crawl Stone Soup version 0.28-a0-1365-g7e0445c96d (webtiles) character file.

Game seed: 15673067872574894289

105 Conn the Firebug (level 4, 0/27 HPs)
             Began as an Octopode Fire Elementalist on Dec 31, 2021.
             Slain by a hound (2 damage)
             ... on level 2 of the Dungeon.
             The game lasted 00:04:08 (2789 turns).

Conn the Firebug (Octopode Fire Elementalist)       Turns: 2789, Time: 00:04:08

Health: 0/27       AC:  1    Str:  7    XL:     4   Next: 83%
Magic:  15/17      EV: 13    Int: 19    God:
Gold:   86         SH:  0    Dex: 12    Spells: 4/8 levels left

rFire   . . .      SeeInvis .   l - +2 dagger (speed)
rCold   . . .      Faith    +   (no shield)
rNeg    . . .      Spirit   .   (helmet restricted)
rPois   .          Reflect  .   h - amulet of faith
rElec   .          Harm     .   j - ring of wizardry
rCorr   .          Rampage  .   k - ring of magical power
Will    .....                   (no ring)
Stlth   +++.......              (no ring)
HPRegen 0.09/turn               (no ring)
MPRegen 0.15/turn               (no ring)
                                (no ring)
                                (no ring)

@: no status effects
A: almost no armour, amphibious, 8 rings, camouflage 1, gelatinous body 1,
(nimble swimmer 1), tentacles
a: no special abilities


You were on level 2 of the Dungeon.
You visited 1 branch of the dungeon, and saw 3 of its levels.

You collected 86 gold pieces.

Inventory:

Hand Weapons
 e - a +4 dagger
 l - a +2 dagger of speed (weapon)
Missiles
 a - 23 sling bullets
 g - 12 poisoned darts
Jewellery
 h - an amulet of faith (around mantle)
 j - a ring of wizardry (left tentacle)
 k - a ring of magical power (right tentacle)
Wands
 i - a wand of flame (19)
Scrolls
 b - 2 scrolls of teleportation {unknown}
 c - a scroll of immolation {unknown}
 d - a scroll of fear {unknown}
 f - 3 scrolls of identify {unknown}
 m - a scroll of blinking {unknown}


   Skills:
 + Level 0.2 Fighting
 + Level 0.3 Short Blades
 + Level 2.2 Dodging
 + Level 3.2 Stealth
 + Level 2.8 Spellcasting
 + Level 2.2 Conjurations
 + Level 3.9 Fire Magic


You had 4 spell levels left.
You knew the following spells:

 Your Spells              Type           Power      Damage    Failure   Level
a - Foxfire               Conj/Fire      56%        2x1d6     1%          1
b - Conjure Flame         Conj/Fire      14%        6-21      5%          3

Your spell library contained the following spells:

 Spells                   Type           Power      Damage    Failure   Level
 Scorch                   Fire           34%        2d7       1%          2
 Inner Flame              Hex/Fire       10%        N/A       9%          3
 Flame Wave               Conj/Fire      14%        2d5       17%         4


Dungeon Overview and Level Annotations

Branches:
Dungeon (3/15)

Altars:


Innate Abilities, Weirdness & Mutations

You cannot wear most types of armour.
You are amphibious.
You can wear up to eight rings at the same time.
Your skin changes colour to match your surroundings (Stealth+).
Your rubbery body absorbs attacks. (AC +1, EV +1)
((You are camouflaged when in or above water. (Stealth+)))
You have tentacles for arms and can constrict up to eight enemies at once.


Message History

Casting: Foxfire (safe; 1% risk of failure)
Confirm with . or Enter, or press ? or * to list all spells.
You conjure some foxfire!
The foxfire hits the dart slug.
The dart slug is heavily wounded.
The hobgoblin hits you.
The foxfire hits the dart slug but does no damage.
The dart slug is heavily wounded.
Casting: Foxfire (safe; 1% risk of failure)
Confirm with . or Enter, or press ? or * to list all spells.
You conjure some foxfire!
The foxfire hits the hobgoblin.
The hobgoblin is severely wounded.
The hobgoblin hits you.
Unknown command.
The foxfire hits the dart slug.
The dart slug is heavily wounded.
The hound bites you.
* * * LOW HITPOINT WARNING * * *
The hobgoblin completely misses you. The dart slug bites you.
* * * LOW HITPOINT WARNING * * *
You climb upwards.
There is a stone staircase leading down here.
Unknown command.
Unknown command.
Unknown command.
Unknown command.
You aren't carrying any potions.
Unknown command.
Unknown command.
Unknown command.
The hound bites you.
* * * LOW HITPOINT WARNING * * *
The hound closely misses you.
Unknown command.
Unknown command.
Unknown command.
The hound bites you but does no damage.
You barely miss the hound. You grab the hound.
You constrict the hound, but do no damage.
The hound bites you.
You die...

#######.##############.#.#
..............(........#.#
.......................#.#
.######.##############.#.#
.# #..............#.#.# .#
###..###########.#.#.# .#
#....#.....#.#...#.#.#
#####.#..#.###.#.....#.#.#
......#..#.# #.#@#.#.#.#.#
########.#.# #.#h#.#.#.#.#
.........#.###.gw..#.#.#.##
..............>#..........#
##########.###.......#.####
#.#.#########.# #.#....)..#
#.# #.#.#..##.###.###
#.#....##.#.....#


You could see a hound, a dart slug and a hobgoblin.

Vanquished Creatures
  Jessica (D:2)
  Robin (D:2)
  An adder (D:2)
  A dart slug (D:2)
  2 orcs (D:3)
  3 endoplasms
  2 giant cockroaches
  14 goblins
  7 hobgoblins (D:2)
  2 jackals (D:1)
  A quokka (D:1)
  3 ball pythons
  3 bats
  5 frilled lizards
  3 kobolds
  3 rats (D:1)
52 creatures vanquished.

Vanquished Creatures (others)
  128 foxfires
128 creatures vanquished.

Grand Total: 180 creatures vanquished

Notes
Turn   | Place    | Note
-------+----------+-------------------------------------------
     0 | D:1      | Conn the Octopode Fire Elementalist began the quest for the
                  | Orb.
     0 | D:1      | Reached XP level 1. HP: 11/11 MP: 3/3
   351 | D:1      | Reached XP level 2. HP: 17/17 MP: 1/5
  1142 | D:2      | Reached XP level 3. HP: 21/21 MP: 6/6
  1146 | D:2      | Learned a level 3 spell: Conjure Flame
  1261 | D:2      | Noticed Jessica
  1262 | D:2      | Found a faded altar of an unknown god.
  1265 | D:2      | Killed Jessica
  1266 | D:2      | Reached XP level 4. HP: 27/27 MP: 3/7
  1868 | D:2      | Noticed Robin
  1886 | D:2      | Killed Robin
  2789 | D:2      | Slain by a hound

Illustrated notes

Levels and vault maps discovered:
D:1:      mrwooster_arrival_arrow, layout_loops_cross,
          amcnicky_mini_corridor_feature
D:2:      layout_basic, shapermc_ecumenical_altar_mp_highgroup,
          kennysheep_generic_room_12, uniq_robin, uniq_jessica
D:3:      layout_basic, tso_metal_star, serial_shops, nicolae_shop_statue_plus,
          nicolae_shop_waterfront, kennysheep_small_spiral, st_stairs_12,
          minmay_misc_feat_x

Skill      XL: |  1  2  3  4 |
---------------+-------------+-----
Conjurations   | 2 |  2.2
Stealth        | 3 |  3.2
Fighting       | |  0.2
Short Blades   | |  0.3
Dodging        | |  2.2
Spellcasting   | |  2.8
Fire Magic     | |  3.9

Action                   |  1- 3 |  4- 6 || total
-------------------------+-------+-------++-------
Melee: Unarmed           |     5 |       ||     5
       Constrict         |     4 |     2 ||     6
       Dagger            |     8 |    10 ||    18
       Tentacles         |     1 |     2 ||     3
 Cast: Foxfire           |    37 |    41 ||    78
       Conjure Flame     |       |     1 ||     1
 Stab: Sleeping          |       |     2 ||     2
Armor: Skin              |     1 |     2 ||     3
Dodge: Dodged            |    17 |    14 ||    31

Table legend: (Time is in decaauts)
 A = Elapsed time spent in this place.
 B = Non-inter-level travel time spent in this place.
 C = Inter-level travel time spent in this place.
 D = Time resting spent in this place.
 E = Time spent auto-exploring this place.
 F = Levels seen in this place.
 G = Mean time per level.
                   A        B        C        D        E       F      G
               +--------+--------+--------+--------+--------+-----+--------+
         Total |   2785 |   2691 |     94 |     22 |   2211 |   3 |  928.3 |
       Dungeon |   2785 |   2691 |     94 |     22 |   2211 |   3 |  928.3 |
               +--------+--------+--------+--------+--------+-----+--------+

Top non-repeatable levels by time:
     D:2: 1729 daAuts
     D:1: 1043 daAuts
     D:3: 12 daAuts
